 Dungeon Crawl Stone Soup version 0.23.1 (webtiles) character file.

Game seed: 11714704776885604400

35 Borgoz the Grave Robber (level 3, 0/28 HPs)
             Began as a Ghoul Necromancer on Mar 6, 2019.
             Slain by a worm (10 damage)
             ... on level 2 of the Dungeon.
             The game lasted 00:02:17 (1610 turns).

Borgoz the Grave Robber (Ghoul Necromancer)         Turns: 1610, Time: 00:02:17

Health: 0/28       AC:  3    Str: 11    XL:     3   Next: 33%
Magic:  4/4        EV: 11    Int: 10    God:
Gold:   98         SH:  0    Dex: 10    Spells: 4/5 levels left

rFire    . . .     SeeInvis .     - Unarmed
rCold    + . .     Gourm    .   (no shield)
rNeg     + + +     Faith    .   b - +0 leather armour
rPois    ∞         Spirit   .   (no helmet)
rElec    .         Reflect  .   (no cloak)
rCorr    .         Harm     .   (no gloves)
MR       .....                  (no boots)
Stlth    ++........             (no amulet)
HPRegen  0.00/turn              (no ring)
MPRegen  0.09/turn              (no ring)

@: rotting
A: rotting body, claws 1, carnivore, cold resistance 1, negative energy
resistance 3, inhibited regeneration, torment resistance, unbreathing
a: no special abilities


You were on level 2 of the Dungeon.
You were not hungry.

You visited 1 branch of the dungeon, and saw 2 of its levels.

You collected 98 gold pieces.

Inventory:

Armour
 b - a +0 leather armour (worn)
Jewellery
 j - an uncursed ring of ice {unknown}
Scrolls
 a - 2 scrolls of identify {unknown}
 d - 2 scrolls of remove curse {unknown}
 e - a scroll of teleportation {unknown}
Potions
 f - a potion of curing {unknown}
 h - a potion of agility {unknown}
 i - a potion of heal wounds {unknown}
 k - a potion of haste {unknown}
Comestibles
 c - 3 rations
 g - a chunk of flesh


   Skills:
 * Level 1.6 Fighting
 + Level 0.7 Armour
 + Level 2.1 Dodging
 - Level 2.1 Stealth
 * Level 1.6 Unarmed Combat
 - Level 1.7 Spellcasting
 - Level 4.0 Necromancy


You had 4 spell levels left.
You knew the following spells:

 Your Spells              Type           Power        Failure   Level  Hunger
a - Pain                  Necr           #...         9%          1    ##.....

Your spell library contained the following spells:

 Spells                   Type           Power        Failure   Level  Hunger
 Animate Skeleton         Necr           N/A          9%          1    ##.....
 Vampiric Draining        Necr           #.........   24%         3    ####...
 Regeneration             Chrm/Necr      #.........   50%         3    ####...
 Animate Dead             Necr           N/A          63%         4    #####..


Dungeon Overview and Level Annotations

Branches:
Dungeon (2/15)

Altars:


Innate Abilities, Weirdness & Mutations

Your body is rotting away.
You thrive on raw meat.
You are immune to poison.
You have sharp fingernails.
You are carnivorous and can eat meat at any time.
Your flesh is cold resistant. (rC+)
You are immune to negative energy. (rN+++)
You do not regenerate when monsters are visible.
You are immune to unholy pain and torment.
You can survive without breathing.


Message History

The worm bites you.
You scratch the worm but do no damage.
The worm is lightly wounded.
The worm bites you.
You scratch the worm.
The worm is lightly wounded.
You scratch the worm.
The worm is moderately wounded.
The worm bites you.
You are too injured to fight recklessly!
You are too injured to fight recklessly!
You scratch the worm.
The worm is heavily wounded.
You scratch the worm.
The worm is severely wounded.
The worm barely misses you.
You barely miss the worm.
The worm is severely wounded.
The worm bites you!
You die...

.............
#.....###..#
#.....# #..# #
#.###.....####.# #.
..............>
####.#####
##.....######
.........######'###
#.............#
#....@#######.#
#...w.# #.# #.....#
#.# #.....# #..
#....)# #.# #.....#
#.# ......# ..
.......#


You could see a worm.

Vanquished Creatures
  2 oozes (D:1)
  4 giant cockroaches (D:1)
  2 goblins (D:1)
  3 hobgoblins (D:1)
  3 jackals (D:1)
  3 kobolds
  A ball python (D:1)
  4 frilled lizards (D:1)
  A rat (D:1)
23 creatures vanquished.

Notes
Turn   | Place    | Note
-------+----------+-------------------------------------------
     0 | D:1      | Borgoz the Ghoul Necromancer began the quest for the Orb.
     0 | D:1      | Reached XP level 1. HP: 14/14 MP: 2/2
   195 | D:1      | Reached XP level 2. HP: 1/22 MP: 3/3
   480 | D:1      | Reached skill level 1 in Fighting
   480 | D:1      | Reached skill level 1 in Unarmed Combat
   805 | D:1      | Reached XP level 3. HP: 18/28 MP: 4/4
  1610 | D:2      | Slain by a worm

Skill      XL: |  1  2 |
---------------+-------+-----
Fighting       | 1 |  1.6
Unarmed Combat | 1 |  1.6
Dodging        | 2 |  2.1
Armour         | |  0.7
Stealth        | |  2.1
Spellcasting   | |  1.7
Necromancy     | |  4.0

Action                   || total
-------------------------++-------
Melee: Unarmed           ||   129
       Punch             ||     2
 Stab: Sleeping          ||     2
  Eat: Chunk             ||    10
Armor: Leather armour    ||    22
Dodge: Dodged            ||    75
